 Dungeon Crawl Stone Soup version 0.21-a0-521-g1cd18d1 (webtiles) character file.

77 slep the Skirmisher (level 4, -7/36 HPs)
             Began as a Demonspawn Monk on Dec 6, 2017.
             Was a Believer of Okawaru.
             Mangled by a gnoll
             ... wielding a +0 club
              (10 damage)
             ... on level 2 of the Dungeon.
             The game lasted 00:04:30 (1017 turns).

slep the Skirmisher (Demonspawn Monk)               Turns: 1017, Time: 00:04:30

Health: -7/36      AC:  5    Str: 13    XL:     4   Next: 14%
Magic:  4/4        EV: 13    Int: 11    God:    Okawaru [**....]
Gold:   75         SH:  0    Dex: 15    Spells: 3/3 levels left

rFire    . . .     SeeInvis .   a - +0 hand axe
rCold    . . .     Gourm    .   (no shield)
rNeg     . . .     Faith    .   d - +0 leather armour
rPois    .         Spirit   .   (no helmet)
rElec    .         Reflect  .   (no cloak)
rCorr    +         Harm     .   (no gloves)
MR       .....                  (no boots)
Stlth    ++........             (no amulet)
HPRegen  0.12/turn              k - ring of resist corrosion
MPRegen  0.09/turn              q - +2 ring of protection

@: no status effects
A: hooves 1, sturdy frame 1
a: Heroism, Renounce Religion


You were on level 2 of the Dungeon.
You worshipped Okawaru.
Okawaru was pleased with you.
You were hungry.

You visited 1 branch of the dungeon, and saw 2 of its levels.

You collected 75 gold pieces.

Inventory:

Hand Weapons
 a - a +0 hand axe (weapon)
 e - a +0 mace of crushing
Missiles
 n - 4 steel tomahawks (quivered)
Armour
 b - a +0 robe
 d - a +0 leather armour (worn)
Jewellery
 k - a ring of resist corrosion (left hand)
 q - a +2 ring of protection (right hand)
Scrolls
 i - 4 scrolls of identify {unknown}
 j - 3 scrolls of amnesia {unknown}
 o - a scroll of teleportation {unknown}
 r - a scroll of remove curse {unknown}
Potions
 g - a potion of brilliance {unknown}
 l - a potion of magic {unknown}
 m - 2 potions of haste {unknown}
 p - a potion of might {unknown}
Comestibles
 c - 3 bread rations
 f - 2 meat rations
 h - 4 fruits


   Skills:
 + Level 3.6 Fighting
 + Level 3.4 Axes
 + Level 0.8 Armour
 + Level 3.2 Dodging
 + Level 2.0 Stealth


You had 3 spell levels left.
You didn't know any spells.

Dungeon Overview and Level Annotations

Branches:
Dungeon (2/15)

Altars:
Okawaru


Innate Abilities, Weirdness & Mutations

You have large cloven feet.
Your movements are slightly less encumbered by armour. (ER -2)


Message History

You hit the gnoll. You kick the gnoll.
The gnoll is heavily wounded.
The gnoll misses you.
You barely miss the gnoll.
The gnoll is heavily wounded.
The gnoll barely misses you.
You hit the gnoll. You kick the gnoll, but do no damage.
The gnoll is almost dead.
The gnoll closely misses you.
You hit the gnoll.
You kill the gnoll!
Okawaru accepts your kill.
You hit the gnoll.
The gnoll is moderately wounded.
The gnoll hits you with a club!
* * * LOW HITPOINT WARNING * * *
You hit the gnoll but do no damage.
The gnoll is moderately wounded.
The gnoll hits you with a club!
You die...

#.###### #...<...######. #.
#'############..........# ##..
≈.≈≈≈≈≈≈≈≈≈≈#####.#####.# ....
≈..........≈# ..# #.# ..####
≈.########.≈# #.# #.##.....#
≈.#......#.≈### #.####........#
≈.#.####.#.≈#.. #.#...........#
≈.#.##[#.#.≈##.###.#.........(.#
≈.#.##.#.#.≈##..@gw............#
≈.#....#.#.≈######.#............
≈.######.#.≈#### #..............
≈........#.≈#...###.......#....#
≈≈≈≈≈≈≈≈≈≈.≈#.............#....#
##########'###..##......>.# ####
.....###...# ##.#..#......#
####..##.### #.#..####.....
#####.##.# ####...## #.###


You could see a worm and a gnoll.

Vanquished Creatures
  2 gnolls (D:2)
  2 oozes
  2 worms (D:2)
  2 dart slugs
  A leopard gecko (D:1)
  3 giant cockroaches
  4 goblins
  4 hobgoblins
  3 jackals (D:2)
  3 kobolds (D:1)
  6 bats
  2 frilled lizards (D:1)
  6 rats (D:1)
40 creatures vanquished.

Notes
Turn   | Place    | Note
-------+----------+-------------------------------------------
     0 | D:1      | slep the Demonspawn Monk began the quest for the Orb.
     0 | D:1      | Reached XP level 1. HP: 18/18 MP: 1/1
    76 | D:1      | Found an iron altar of Okawaru.
    84 | D:1      | Became a worshipper of Warmaster Okawaru
    84 | D:1      | Reached * piety under Okawaru
    84 | D:1      | Reached ** piety under Okawaru
   177 | D:1      | Gained mutation: You have large cloven feet. [demonic ancestry]
   177 | D:1      | Reached XP level 2. HP: 23/24 MP: 2/2
   453 | D:1      | Gained mutation: Your movements are slightly less encumbered by armour. (ER -2) [demonic ancestry]
   453 | D:1      | Reached XP level 3. HP: 20/29 MP: 3/3
   500 | D:1      | You fall through a shaft!
   808 | D:2      | Found a faded altar of an unknown god.
  1011 | D:2      | Reached XP level 4. HP: 12/36 MP: 4/4
  1017 | D:2      | Mangled by a gnoll

Vault maps used:
D:1:      onia_arrival_pentagram, kennysheep_decorative_pillar,
          okawaru_ov_weapons_minmay
D:2:      chequers_ecumenical_altar_twisty, first_bread, kennysheep_small_spiral

Skill      XL: |  1  2  3 |
---------------+----------+-----
Axes           | 3 |  3.4
Dodging        | 3 |  3.2
Stealth        | 2 |  2.0
Fighting       | |  3.6
Armour         | |  0.8

Action                   |  1- 3 |  4- 6 || total
-------------------------+-------+-------++-------
Melee: Hand axe          |   111 |     6 ||   117
       Kick              |    25 |     2 ||    27
 Stab: Sleeping          |     1 |       ||     1
Armor: Leather armour    |    29 |       ||    29
Dodge: Dodged            |    86 |     4 ||    90

Table legend:
 A = Spawn XP
 B = Non-spawn XP
 C = Spawn XP percentage of total XP
 D = Spawn monster count
 E = Non-spawn monster count
 F = Spawn count percentage of total count
 G = Total turns spent on level
                    A         B        C        D         E        F      G
               +---------+---------+-------+---------+---------+-------+---------
         Total |       0 |     111 |   0.0 |       0 |      40 |   0.0 |  1017
               +---------+---------+-------+---------+---------+-------+---------
           D:1 |       0 |      50 |   0.0 |       0 |      27 |   0.0 |   747
           D:2 |       0 |      61 |   0.0 |       0 |      13 |   0.0 |   270
               +---------+---------+-------+---------+---------+-------+---------
